 Dungeon Crawl Stone Soup version bcrawl-1.39.1 (webtiles) character file.

Game seed: 15271972432724314907

205770 kosoiffoigrumme1174 the Ducker (level 6, -2/36 HPs)
             Began as a Vine Stalker Chaos Knight on Aug 7, 2023.
             Was a Plaything of Xom.
             Slain by a fire bat (shapeshifter) (9 damage)
             ... on level 4 of the Dungeon.
             The game lasted 00:05:13 (2580 turns).

kosoiffoigrumme1174 the Ducker (VSCK)               Turns: 2580, Time: 00:05:13

Health: -2/36      AC:  6    Str: 15    XL:     6   Next: 54%
Magic:  7/7        EV: 14    Int: 12    God:    Xom [.....*]
Gold:   40         SH:  0    Dex: 15    Spells: 5/5 levels left

rFire    x . .     GDR:     27% a - +0 hand axe (chaos)
rCold    + . .     SeeInvis .   (no shield)
rNeg     . . .     Gourm    .   l - +2 leather armour
rPois    .         Faith    .   (no helmet)
rElec    +         Spirit   .   (no cloak)
rCorr    .         Reflect  .   (no gloves)
MR       .....                  n - +0 pair of boots
Stlth    +.........             (no amulet)
HPRegen  0.56/turn              m - ring "Pegioxa" {Ice Slay+3}
MPRegen  0.10/turn              p - ring of insulation

@: no status effects
A: fangs 3, regeneration 1, no potion heal 3, rot immunity, strong jaws
a: Renounce Religion


You were on level 4 of the Dungeon.
You worshipped Xom.
You were Xom's teddy bear.
You were hungry.

You visited 1 branch of the dungeon, and saw 4 of its levels.

You collected 254 gold pieces.
You spent 214 gold pieces at shops.

Inventory:

Hand Weapons
 a - a +0 hand axe of chaos (weapon)
 b - a +0 hunting sling
Missiles
 d - 996 stones (quivered)
 f - 322 sling bullets
Armour
 l - a +2 leather armour (worn)
 n - a +0 pair of boots (worn)
Jewellery
 h - a cursed ring of resist corrosion {unknown}
 m - the ring "Pegioxa" (left hand) {Ice Slay+3}
   (You found it on level 3 of the Dungeon)

   [ring of ice]

   It enhances your ice magic.
   It affects your accuracy and damage with ranged weapons and melee attacks
   (+3).
   It makes you vulnerable to fire.
   It protects you from cold.
 p - a ring of insulation (right hand)
Wands
 q - a wand of iceblast (8)
Scrolls
 c - 2 scrolls of teleportation
 g - 2 scrolls of revelation
 i - a scroll of identify
 j - 2 scrolls of enchant weapon
 k - 3 scrolls of immolation
 s - a scroll of fear
 t - a scroll of enchant armour
Potions
 o - a potion of agility
 r - a potion of haste
Comestibles
 e - 10 rations {!d}


   Skills:
 - Level 2.6 Fighting
 - Level 2.6 Axes
 - Level 0.7 Armour
 + Level 5.4 Dodging
 + Level 4.3 Unarmed Combat


You had 5 spell levels left.
You didn't know any spells.
Your spell library contained the following spells:

 Spells                   Type           Power        Failure   Level  Hunger
 Magic Dart               Conj           #...         38%         1    None
 Blink                    Tloc           N/A          52%         2    ####...
 Call Imp                 Summ           #.....       52%         2    ####...
 Conjure Flame            Conj/Fire      #.......     77%         3    #####..
 Mephitic Cloud           Conj/Pois/Air  #.......     77%         3    #####..
 Spider Form              Tmut/Pois      #..          77%         3    #####..


Dungeon Overview and Level Annotations

Branches:
Dungeon (4/12)             Temple (0/1) D:4

Altars:
Ru
Xom
The Shining One

Shops:
D:4 (?%(


Innate Abilities, Weirdness & Mutations

You have razor-sharp teeth.
Your natural rate of healing is unusually fast.
Potions cannot restore your health.
You are immune to rotting.
Your bites deal extra damage.


Message History

A spot of thin air glows faint white for a moment.
Something hits you but does no damage.
A fire bat appears out of thin air!
Reactivating autopickup.
The fire bat is engulfed in seething chaos.
The fire bat bites you but does no damage.
The fire bat is engulfed in seething chaos.
The fire bat flickers and vanishes!
Deactivating autopickup; reactivate with Ctrl-A.
Something bites you but does no damage. x2
There is a shaft here.
Something barely misses you. Something bites you.
You are engulfed in flames!
The fire burns you terribly!
Xom roars with laughter!
Something bites you but does no damage. Something bites you but does no damage.
Something bites you.
* * * LOW HITPOINT WARNING * * *
You are engulfed in flames!
The fire burns you terribly!
You die... "Huh?
Did I miss anything?"

# #...#.. #.###.. #
#...#...
########.#..> #
#.....§..# .
#####.§####
#...#.§#
#####.#.#.§#
###########
#...#.#.@§.#
#.........##
#.#...##...#
#.........##
#.##.#######
#...........
#.##.#####
#...<.....##
#.##.....#
#.........##
#.###....##
#....###...#
#...###...## ##.###
#.⌠.# ###.#
#....####..####...#
#.#
##........#........


There were no monsters in sight!

Vanquished Creatures
  A wyvern zombie (D:4)
  An orc priest (D:3)
  A crimson imp (D:3)
  2 worker ants
  A hound skeleton (D:4)
  4 adders
  4 gnolls (D:3)
  An ooze (D:3)
  An adder skeleton (D:4)
  2 worms (D:2)
  A dart slug (D:1)
  A leopard gecko (D:3)
  An orc (D:3)
  3 giant cockroaches
  8 hobgoblins
  4 jackals (D:3)
  A quokka (D:3)
  4 bats
  A frilled lizard (D:2)
  5 goblins
  10 kobolds
  2 rats
59 creatures vanquished.

Vanquished Creatures (collateral kills)
  An adder skeleton (D:4)
1 creature vanquished.

Grand Total: 60 creatures vanquished

Notes
Turn   | Place    | Note
-------+----------+-------------------------------------------
     0 | D:1      | kosoiffoigrumme1174 the Vine Stalker Chaos Knight began the
                  | quest for the Orb.
     0 | D:1      | Reached XP level 1. HP: 13/13 MP: 2/2
   215 | D:1      | Reached skill level 1 in Unarmed Combat
   215 | D:1      | Reached XP level 2. HP: 18/18 MP: 3/3
   358 | D:1      | Got an ancient ruby amulet
   448 | D:1      | XOM: silly message
   747 | D:2      | Reached skill level 3 in Dodging
   751 | D:2      | Found a glowing golden altar of the Shining One.
   813 | D:2      | Reached XP level 3. HP: 20/22 MP: 4/4
   996 | D:2      | Reached XP level 4. HP: 15/27 MP: 5/5
  1064 | D:2      | XOM: butterfly on damage
  1328 | D:2      | XOM: harmless Pois miscast
  1366 | D:3      | XOM: confuse monster(s)
  1376 | D:3      | Reached skill level 4 in Dodging
  1380 | D:3      | Reached XP level 5. HP: 31/31 MP: 6/6
  1391 | D:3      | Got a smoking platinum ring
  1431 | D:3      | XOM: scenery: create altars
  1748 | D:3      | Found a sacrificial altar of Ru.
  1802 | D:3      | XOM: scenery: create altars
  1847 | D:3      | Found a faded altar of an unknown god.
  1959 | D:4      | XOM: noise
  1965 | D:4      | XOM: polymorph worm -> worker ant
  1970 | D:4      | Found a staircase to the Ecumenical Temple.
  1972 | D:4      | XOM: enchant monster (good)
  1976 | D:4      | XOM: smoke on damage
  2133 | D:4      | XOM: fog
  2215 | D:4      | XOM: smoke on damage
  2217 | D:4      | XOM: scenery: create altars
  2235 | D:3      | Reached skill level 5 in Dodging
  2235 | D:3      | Gained mutation: You have razor-sharp teeth. [Vine Stalker
                  | growth]
  2235 | D:3      | Reached XP level 6. HP: 27/36 MP: 7/7
  2247 | D:4      | Found Cuix's Weapon Boutique.
  2250 | D:4      | Found Taffod's Food Shoppe.
  2282 | D:4      | Found Yfexu's Magic Scroll Emporium.
  2292 | D:4      | Bought a scroll of identify for 26 gold pieces
  2292 | D:4      | Bought a scroll of identify for 26 gold pieces
  2292 | D:4      | Bought a scroll of identify for 26 gold pieces
  2292 | D:4      | Bought a scroll of enchant armour for 97 gold pieces
  2292 | D:4      | Bought a scroll of remove curse for 39 gold pieces
  2294 | D:4      | Identified the cursed amulet of Terra Nullius {Inacc *Slow
                  | Dex+6} (You found it on level 1 of the Dungeon)
  2295 | D:4      | Identified the ring "Pegioxa" {Ice Slay+3} (You found it on
                  | level 3 of the Dungeon)
  2356 | D:4      | Found Tyofov's Weapon Emporium.
  2392 | D:4      | XOM: butterfly on damage
  2486 | D:4      | XOM: cloud trail
  2547 | D:4      | Noticed a sky beast
  2573 | D:4      | Noticed a fire bat
  2580 | D:4      | Slain by a fire bat (shapeshifter)

Skill      XL: |  1  2  3  4  5 |
---------------+----------------+-----
Unarmed Combat | 1 2 3 4 |  4.3
Dodging        | 3 4 5 |  5.4
Fighting       | |  2.6
Axes           | |  2.6
Armour         | |  0.7

Action                   |  1- 3 |  4- 6 || total
-------------------------+-------+-------++-------
Melee: Hand axe          |    68 |    71 ||   139
       Bite              |     7 |     5 ||    12
       Punch             |     1 |       ||     1
 Fire: Hunting sling     |       |    69 ||    69
  Use: Scroll            |       |     7 ||     7
 Stab: Petrified         |     2 |       ||     2
       Paralysed         |       |     1 ||     1
  Eat: Chunk             |     2 |     5 ||     7
       Ration            |       |     1 ||     1
Armor: Leather armour    |    22 |    37 ||    59
Dodge: Dodged            |    48 |    66 ||   114
